 Dungeon Crawl Stone Soup version 0.26-a0-540-g8a0c9464d7 (webtiles) character file.

Game seed: 16701642677049339842

39 vurker the Sneak (level 3, -6/30 HPs)
             Began as a Formicid Delver on Aug 25, 2020.
             Killed from afar by Sigmund (9 damage)
             ... with a magic dart
             ... on level 2 of the Dungeon.
             The game lasted 00:02:34 (1427 turns).

vurker the Sneak (Formicid Delver)                  Turns: 1427, Time: 00:02:35

Health: -6/30      AC:  6    Str: 17    XL:     3   Next: 67%
Magic:  3/3        EV:  9    Int:  9    God:
Gold:   116        SH:  9    Dex: 12    Spells: 2/2 levels left

rFire    + . .     SeeInvis +   a - +0 hand axe
rCold    . . .     Faith    .   i - +2 kite shield {AC+3}
rNeg     . . .     Spirit   .   b - +0 leather armour
rPois    .         Reflect  .   (helmet unavailable)
rElec    .         Harm     .   (no cloak)
rCorr    .                      (no gloves)
MR       .....                  (no boots)
Stlth    +++.......             (no amulet)
HPRegen  0.10/turn              g - ring of protection from fire (curse)
MPRegen  0.08/turn              (no ring)

@: no status effects
A: permanent stasis, dig shafts and tunnels, four strong arms, antennae 3
a: Dig, Shaft Self


You were on level 2 of the Dungeon.
You visited 1 branch of the dungeon, and saw 5 of its levels.

You collected 116 gold pieces.

Inventory:

Hand Weapons
 a - a +0 hand axe (weapon)
Armour
 b - a +0 leather armour (worn)
 i - a +2 kite shield of protection (worn)
   (You found it on level 2 of the Dungeon)
Jewellery
 g - a cursed ring of protection from fire (left hand)
   (You found it on level 4 of the Dungeon)
Wands
 v - a wand of digging (3)
Scrolls
 c - a scroll of fog
 d - a scroll of magic mapping
 e - 2 scrolls of fear
 f - 3 scrolls of teleportation {unknown}
 l - 5 scrolls of identify {unknown}
 n - 2 scrolls of remove curse {unknown}
 p - a scroll of amnesia {unknown}
Potions
 j - a potion of might {unknown}
 k - a potion of cancellation {unknown}
 m - a potion of brilliance {unknown}
 o - a potion of lignification {unknown}


   Skills:
 + Level 3.7 Fighting
 * Level 3.1 Axes
 - Level 1.7 Dodging
 - Level 6.0 Stealth
 + Level 1.1 Shields


You had 2 spell levels left.
You didn't know any spells.
Your spell library was empty.

Dungeon Overview and Level Annotations

Branches:
Dungeon (5/15)
 Temple: D:4-7

Altars:
Yredelemnul

Annotations:
D:2 Sigmund


Innate Abilities, Weirdness & Mutations

You cannot be hasted, slowed, berserked, paralysed or teleported.
You can dig through walls and to a lower floor.
Your four strong arms can wield two-handed weapons with a shield.
You have a pair of large antennae on your head. (SInv)


Message History

You feel less confused. Sigmund hits you with a +0 scythe.
You hit Sigmund. Sigmund closely misses you.
You slash Sigmund! Sigmund hits you with a +0 scythe!
* * * LOW HITPOINT WARNING * * *
It was a potion of curing.
You feel better. Sigmund says, "I'm your fate."
Sigmund casts a spell.
Sigmund flickers and vanishes for a moment.
You closely miss Sigmund. Sigmund casts a spell at you.
You resist with some effort.
You closely miss Sigmund. Sigmund gestures at you while chanting.
The puff of flame hits you. You resist.
* * * LOW HITPOINT WARNING * * *
You barely miss Sigmund. You block Sigmund's attack.
Your shield and leather armour prevent you from hitting Sigmund.
Sigmund hits you with a +0 scythe!
* * * LOW HITPOINT WARNING * * *
You feel better. Sigmund hits you but does no damage.
You hit Sigmund but do no damage. You hit Sigmund.
Sigmund gestures at you while chanting.
You are confused.
Sigmund casts a spell at you.
The puff of flame hits you but does no damage.
You resist.
Okay, then.
Sigmund points at you and mumbles some strange words.
The puff of flame hits you. You resist.
* * * LOW HITPOINT WARNING * * *
Okay, then.
Sigmund closely misses you.
Your shield prevents you from hitting Sigmund.
Sigmund gestures at you while chanting. You resist with some effort.
You miss Sigmund.
You feel less confused. Sigmund closely misses you.
You barely miss Sigmund.
Sigmund screams, "Don't try to resist!"
Sigmund points at you and mumbles some strange words.
The magic dart hits you!
* * * LOW HITPOINT WARNING * * *
You closely miss Sigmund.
Sigmund's eyes start glowing with a red light.
Sigmund points at you and mumbles some strange words.
The magic dart hits you!
You die...

#........... #
#.########.#.##.# #.#
#####.......
###.####...........
.##........###..###..
#........#### .....
####.#...# ###.###.#
#.#...# ##.#@#
#.##..# #.#@.# # #..#
##.#.# #..# ##.##.#
#..# #.###.#
#..####.##.#
#........#.#
#..#####...# #..#
##### #..#


You could see Sigmund (invisible).

Vanquished Creatures
  A dart slug (D:5)
  An orc (D:3)
  A giant cockroach (D:1)
  4 goblins
  6 hobgoblins (D:1)
  6 jackals (D:2)
  A kobold (D:1)
  5 bats
  2 frilled lizards
  4 rats
31 creatures vanquished.

Notes
Turn   | Place    | Note
-------+----------+-------------------------------------------
     0 | D:5      | vurker the Formicid Delver began the quest for the Orb.
     0 | D:5      | Reached XP level 1. HP: 18/18 MP: 1/1
   185 | D:3      | Reached XP level 2. HP: 24/24 MP: 2/2
   531 | D:2      | Found a basalt altar of Yredelemnul.
   628 | D:1      | Reached XP level 3. HP: 25/29 MP: 3/3
   841 | D:1      | Reached skill level 1 in Shields
  1364 | D:2      | Noticed Sigmund
  1427 | D:2      | Killed from afar by Sigmund

Illustrated notes

Levels and vault maps discovered:
D:1:      matt_arrival_refuge, layout_basic, hangedman_decor_clover_reticule,
          minmay_misc_feat_rugged
D:2:      layout_loops_ring, yredelemnul_altar_generic, trog_hazing_becter,
          uniq_sigmund
D:3:      layout_basic
D:4:      layout_basic, minmay_temple_entry_statues_fountains,
          hangedman_decor_opposing, lemuel_angel_altar
D:5:      layout_gridville, overflow_temple_1_default, ebering_ghost_sewer_d

Skill      XL: |  1  2  3 |
---------------+----------+-----
Axes           | 3 |  3.1
Shields        | 1 |  1.1
Fighting       | |  3.7
Dodging        | |  1.7
Stealth        | |  6.0

Action                   || total
-------------------------++-------
Melee: Hand axe          ||   100
 Abil: Dig               ||     8
  Use: Potion            ||     2
 Stab: Sleeping          ||     4
Armor: Leather armour    ||    28
Dodge: Dodged            ||    53
Block: Kite shield       ||    23

Table legend: (Time is in decaauts)
 A = Elapsed time spent in this place.
 B = Non-inter-level travel time spent in this place.
 C = Inter-level travel time spent in this place.
 D = Time resting spent in this place.
 E = Time spent auto-exploring this place.
 F = Levels seen in this place.
 G = Mean time per level.
                   A        B        C        D        E       F      G
               +--------+--------+--------+--------+--------+-----+--------+
         Total |   1452 |   1428 |     24 |    207 |    888 |   5 |  290.4 |
       Dungeon |   1452 |   1428 |     24 |    207 |    888 |   5 |  290.4 |
               +--------+--------+--------+--------+--------+-----+--------+

Top non-repeatable levels by time:
     D:2: 612 daAuts
     D:1: 606 daAuts
     D:3: 150 daAuts
     D:4: 43 daAuts
     D:5: 40 daAuts
